 Dungeon Crawl Stone Soup version 0.21-a0-434-g806c6c2 (webtiles) character file.

74 slep the Cudgeler (level 4, -1/40 HPs)
             Began as a Gargoyle Gladiator on Nov 8, 2017.
             Slain by an orc
             ... wielding a +0 short sword
              (3 damage)
             ... on level 2 of the Dungeon.
             The game lasted 00:05:45 (961 turns).

slep the Cudgeler (Gargoyle Gladiator)               Turns: 961, Time: 00:05:45

Health: -1/40      AC:  7    Str: 22    XL:     4   Next: 28%
Magic:  4/4        EV: 12    Int: 15    God:
Gold:   33         SH:  0    Dex: 12    Spells: 3/3 levels left

rFire    . . .     SeeInvis .   a - +0 flail
rCold    . . .     Gourm    .   (no shield)
rNeg     + . .     Faith    .   b - +0 leather armour
rPois    ∞         Spirit   .   c - +0 helmet
rElec    +         Reflect  .   i - scarf {repulsion}
rCorr    .         Harm     .   (no gloves)
MR       .....                  (no boots)
Stlth    ..........             (no amulet)
HPRegen  0.13/turn              e - ring of poison resistance
MPRegen  0.09/turn              l - +6 ring of intelligence

@: berserking, hasted, repel missiles, very quick
A: negative energy resistance 1, electricity resistance, unbreathing,
petrification resistance, rot immunity, AC +3
a: no special abilities


You were on level 2 of the Dungeon.
You were not hungry.

You visited 1 branch of the dungeon, and saw 2 of its levels.

You collected 33 gold pieces.

Inventory:

Hand Weapons
 a - a +0 flail (weapon)
Missiles
 d - 3 throwing nets (quivered)
 p - 6 javelins
Armour
 b - a +0 leather armour (worn)
 c - a +0 helmet (worn)
 h - a +0 cloak
 i - a scarf of repulsion (worn)
Jewellery
 e - a ring of poison resistance (left hand)
 l - a +6 ring of intelligence (right hand)
Scrolls
 g - a scroll of identify {unknown}
 j - 3 scrolls of teleportation {unknown}
 n - a scroll of enchant armour {unknown}
 o - a scroll of magic mapping {unknown}
Comestibles
 f - 2 bread rations
 k - 4 chunks of flesh


   Skills:
 + Level 2.5 Fighting
 + Level 4.0 Maces & Flails
 + Level 1.8 Throwing
 + Level 1.6 Armour
 + Level 2.9 Dodging


You had 3 spell levels left.
You didn't know any spells.

Dungeon Overview and Level Annotations

Branches:
Dungeon (2/15)

Altars:


Innate Abilities, Weirdness & Mutations

You are resistant to torment.
Your stone body is resilient. (AC +3)
You are immune to poison.
You resist negative energy. (rN+)
You are resistant to electric shocks. (rElec)
You can survive without breathing.
You are immune to petrification.
You are immune to rotting.


Message History

You completely miss something. Something barely misses you.
You miss something. Something hits you but does no damage.
You barely miss something. Something hits you.
* * * LOW HITPOINT WARNING * * *
The orc wizard gestures wildly while chanting.
The orc wizard blinks!
You barely miss something. Something hits you but does no damage.
You closely miss something. Something hits you but does no damage.
You miss something. You sock something!
Reactivating autopickup.
Your Maces & Flails skill increases to level 4!
You have reached level 4!
You feel clever.
You feel a bit more experienced.
You barely miss the adder. The adder bites you but does no damage.
You sock the adder!
You kill the adder!
You closely miss the orc. The orc hits you with a short sword.
You die...

##.# #.# #.###
###.. #.# #.# ....
#.# #.# ##.#######
#.# #.# #.oloo.o.#
#.# #.# #..#####l#
#.#########.## #<.#
#o# #.#..........#
#.o#
#o###.).......#..#
#..#
#.@..............##
#..#
#######.#####).....
#oo#
#............###.##
#... ........####.#
#.## #.## #.#####.#
#.# #.##
#.####.###.##
.............
..........÷##
#.#####.#.####


You could see an orc wizard, 2 orcs and a frilled lizard.

Vanquished Creatures
  An orc wizard (D:2)
  An adder (D:2)
  An ooze (D:1)
  3 leopard geckos
  4 bats
  3 giant cockroaches
  2 goblins (D:1)
  3 hobgoblins
  2 jackals (D:2)
  A frilled lizard (D:2)
  7 kobolds
  5 rats
33 creatures vanquished.

Notes
Turn   | Place    | Note
-------+----------+-------------------------------------------
     0 | D:1      | slep the Gargoyle Gladiator began the quest for the Orb.
     0 | D:1      | Reached XP level 1. HP: 12/12 MP: 1/1
   124 | D:1      | Reached XP level 2. HP: 17/17 MP: 2/2
   475 | D:1      | Reached XP level 3. HP: 18/21 MP: 3/3
   792 | D:2      | Reached skill level 1 in Armour
   936 | D:2      | HP: 1/22 [something/magic dart (7)]
   949 | D:2      | HP: 1/22 [something (1)]
   954 | D:2      | HP: 1/33 [something (1)]
   958 | D:2      | Reached skill level 4 in Maces & Flails
   958 | D:2      | Reached XP level 4. HP: 1/27 MP: 4/4
   961 | D:2      | Slain by an orc

Vault maps used:
D:1:      lightli_iron_boxes

Skill      XL: |  1  2  3 |
---------------+----------+-----
Armour         | 1 |  1.6
Maces & Flails | 4 |  4.0
Fighting       | |  2.5
Throwing       | |  1.8
Dodging        | |  2.9

Action                   |  1- 3 |  4- 6 || total
-------------------------+-------+-------++-------
Melee: Flail             |   128 |     3 ||   131
  Use: Potion            |     2 |       ||     2
Armor: Leather armour    |    55 |     1 ||    56
Dodge: Dodged            |    61 |       ||    61
       Deflected         |     2 |       ||     2

Table legend:
 A = Spawn XP
 B = Non-spawn XP
 C = Spawn XP percentage of total XP
 D = Spawn monster count
 E = Non-spawn monster count
 F = Spawn count percentage of total count
 G = Total turns spent on level
                    A         B        C        D         E        F      G
               +---------+---------+-------+---------+---------+-------+---------
         Total |       0 |     106 |   0.0 |       0 |      33 |   0.0 |   961
               +---------+---------+-------+---------+---------+-------+---------
           D:1 |       0 |      35 |   0.0 |       0 |      16 |   0.0 |   651
           D:2 |       0 |      71 |   0.0 |       0 |      17 |   0.0 |   310
               +---------+---------+-------+---------+---------+-------+---------
